 Dungeon Crawl Stone Soup version 0.18.1-48-g4cf74bf (webtiles) character file.

74 negitausen the Firebug (level 4, -15/34 HPs)
             Began as a Draconian Fire Elementalist on Sept 9, 2016.
             Was an Initiate of Okawaru.
             Engulfed by a cloud of flame (26 damage)
             ... on level 3 of the Dungeon.
             The game lasted 00:12:55 (631 turns).

negitausen the Firebug (Draconian Fire Elementalist) Turns: 631, Time: 00:12:59

Health: -15/34     AC:  5    Str: 10    XL:     4   Next: 9%
Magic:  4/7        EV: 12    Int: 17    God:    Okawaru [......]
Gold:   66         SH:  0    Dex: 11    Spells: 3 memorised, 1 level left

rFire  . . .     SeeInvis .     d - +0 short sword
rCold  . . .     Gourm    .     (armour unavailable)
rNeg   . . .     Faith    .     (no shield)
rPois  .         Spirit   .     (helmet restricted)
rElec  .         Dismiss  .     (no cloak)
rCorr  .         Reflect  .     (no gloves)
SustAt .         Harm     .     (no boots)
MR     .....                    (no amulet)
Stlth  ++........               (no ring)
                                (no ring)

@: not resistant to hostile enchantments, unstealthy
A: unfitting armour, cold-blooded, AC +5
a: Renounce Religion


You were on level 3 of the Dungeon.
You worshipped Okawaru.
Okawaru was noncommittal.
You were not hungry.

You visited 1 branch of the dungeon, and saw 3 of its levels.

You collected 66 gold pieces.

Inventory:

Hand Weapons
 c - a +0 whip
 d - a +0 short sword (weapon)
 e - a +0 dagger
 f - a +0 dagger
 h - a +0 dagger
 k - a +0 club
Missiles
 j - 31 arrows
 m - 11 stones (quivered)
Armour
 g - a +0 robe
Scrolls
 n - a scroll of remove curse
Potions
 l - a potion of curing
Books
 a - a book of Flames

   Spells                             Type                      Level
   a - Flame Tongue                   Conjuration/Fire             1
   b - Throw Flame                    Conjuration/Fire             2
   c - Conjure Flame                  Conjuration/Fire             3
   d - Inner Flame                    Hexes/Fire                   3
   e - Sticky Flame                   Conjuration/Fire             4
   f - Fireball                       Conjuration/Fire             5
Comestibles
 b - 3 bread rations
 i - 2 meat rations


   Skills:
 + Level 0.7 Fighting
 + Level 0.2 Maces & Flails
 + Level 2.2 Dodging
 + Level 2.1 Stealth
 + Level 2.3 Spellcasting
 + Level 1.5 Conjurations
 + Level 3.8 Fire Magic


You had one spell level left.
You knew the following spells:

 Your Spells              Type           Power        Failure   Level  Hunger
a - Flame Tongue          Conj/Fire      ##...        10%         1    #......
b - Throw Flame           Conj/Fire      ##....       12%         2    ##.....
c - Inner Flame           Hex/Fire       #.......     24%         3    ###....


Dungeon Overview and Level Annotations

Branches:
Dungeon (3/15)

Altars:
Okawaru
Sif Muna


Innate Abilities, Weirdness & Mutations

Your plain brown scales are hard (AC +5).
Your body does not fit into most forms of armour.
You are cold-blooded and may be slowed by cold attacks.


Message History

Confirm with . or Enter, or press ? or * to list all spells.
Aiming: Inner Flame
Press: ? - help, Shift-Dir - straight line, f - giant cockroach
Aim: a giant cockroach (clinging, resting, chance to defeat MR: 85%)
The giant cockroach is filled with an inner flame.
You barely miss the giant cockroach.
The giant cockroach bites you but does no damage.
The giant cockroach closely misses you.
You hit the giant cockroach.
The giant cockroach is almost dead.
The giant cockroach waves its antennae.
The giant cockroach barely misses you.
You hit the giant cockroach.
The giant cockroach explodes!
The fiery explosion engulfs you!
Ouch! That really hurt!
Okawaru accepts your kill.
You are engulfed in roaring flames.
Ouch! That really hurt!
You die...

#####.#
#.@ยงยง.#
#.###%# #.#..
#.#.# # #.#.#
.. #.#.# ...
#.#.#.....
#####.#'#..>..
#.............


There were no monsters in sight!

Vanquished Creatures
  A giant frog skeleton (D:3)
  2 adders (D:2)
  2 dart slugs (D:1)
  6 giant cockroaches
  6 goblins
  A hobgoblin (D:1)
  A kobold (D:1)
  2 bats
  2 giant newts (D:2)
  2 rats (D:1)
25 creatures vanquished.

Notes
Turn   | Place    | Note
--------------------------------------------------------------
     0 | D:1      | negitausen the Draconian Fire Elementalist began the quest for the Orb.
     0 | D:1      | Reached XP level 1. HP: 14/14 MP: 3/3
   181 | D:1      | Reached XP level 2. HP: 22/22 MP: 0/5
   188 | D:1      | Learned a level 2 spell: Throw Flame
   215 | D:2      | Found an iron altar of Okawaru.
   245 | D:2      | Became a worshipper of Warmaster Okawaru
   318 | D:2      | Reached XP level 3. HP: 15/27 MP: 4/6
   509 | D:2      | Found a deep blue altar of Sif Muna.
   607 | D:3      | Reached XP level 4. HP: 26/34 MP: 4/7
   613 | D:3      | Learned a level 3 spell: Inner Flame
   631 | D:3      | Engulfed by a cloud of flame

Skill      XL: |  1  2 |
---------------+-------+-----
Stealth        | 2 |  2.1
Dodging        | 2 |  2.2
Fighting       | |  0.7
Maces & Flails | |  0.2
Spellcasting   | |  2.3
Conjurations   | |  1.5
Fire Magic     | |  3.8

Action                   |  1- 3 |  4- 6 || total
-------------------------+-------+-------++-------
Melee: Whip              |    19 |       ||    19
       Unarmed           |     3 |       ||     3
       Tailslap          |     6 |       ||     6
       Dagger            |    20 |       ||    20
       Short sword       |    15 |     3 ||    18
 Cast: Flame Tongue      |    16 |       ||    16
       Throw Flame       |     9 |       ||     9
       Inner Flame       |       |     1 ||     1
  Use: Potion            |     4 |       ||     4
       Scroll            |     2 |       ||     2
Armor: Skin              |    12 |     1 ||    13
Dodge: Dodged            |    44 |     2 ||    46
